Sewer Rats vs Punishers (R1)

Created - 8 décembre 2014 at 19:07

Goals
1 2 3 T
Sewer Rats 3 5 1 9
Punishers 0 1 2 3
Shots
1 2 3 T
Sewer Rats 11 18 14 43
Punishers 13 9 13 35

1st period

1. Sewer Rats , Nick Palmieri 17 (Ville Leino) at 6:48
2. Sewer Rats , Evan Brophey 3 (Tim Ramholt) at 11:44
3. Sewer Rats , Nick Palmieri 18 (John Erskine) at 13:03

Penalties :
Nick Palmieri (Tol) for Tripping (Minor) at 1:38

2nd period

4. Sewer Rats , Vojtech Polak 10 (Steven Reinprecht) at 8:20
5. Sewer Rats , Steven Reinprecht 7 (Mark Mancari) at 10:08 (PP)
6. Sewer Rats , Mark Mancari 17 (Steven Reinprecht) at 10:53
7. Sewer Rats , Nick Palmieri 19 (Ville Leino, John-Michael Liles) at 11:09
8. Punishers , Éric Perrin 19 (Simon Despres, Tom Gilbert) at 16:52
9. Sewer Rats , John Lammers 6 (Brandon Sutter, Matt Lashoff) at 17:41

Penalties :
Patrick Bordeleau (Tol) for Roughing (Minor) at 3:20, Éric Perrin (Pro) for Roughing (Minor) at 8:27, Tom Gilbert (Pro) for Hooking (Minor) at 11:42

3rd period

10. Punishers , Richard Zednik 8 (Éric Perrin, Mike Weber) at 2:04 (PP)
11. Sewer Rats , Kyle Turris 13 (Nick Palmieri, Ville Leino) at 3:36
12. Punishers , Erik Condra 8 (Casey Cizikas, Radek Smolenak) at 6:16

Penalties :
Kyle Quincey (Tol) for Tripping (Minor) at 1:48, Éric Perrin (Pro) for Fighting (Major) at 3:25, John-Michael Liles (Tol) for Fighting (Major) at 3:25, Kris Chucko (Pro) for Roughing (Minor) at 6:30, Éric Perrin (Pro) for Attempt to injure (Major / Game Misconduct) at 10:05, Brandon McMillan (Pro) for Hooking (Minor) at 16:11, Mike Weber (Pro) for Hooking (Minor) at 18:44

Goalie Stats

Jhonas Enroth (Tol), 32 saves from 35 shots - (0,914), W, 11-4-0, 60:00 minutes
Anton Khudobin (Pro), 27 saves from 32 shots - (0,844), L, 1-1-0, 50:39 minutes
Kevin Poulin (Pro), 7 saves from 11 shots - (0,636), 9:21 minutes

Players Stats for Sewer Rats

Player Name              G  A  P  +/- PIM S  H  SB GA TA FO     MP     PP MP  PK MP  
------------------------------------------------------------------------------------
Brandon Sutter           0  1  1   1  0   6  0  0  0  0  10/16  12:57   1:04   2:40 
Derek Dorsett            0  0  0   1  0   3  1  0  0  0  0/0    10:30   0:58   0:00 
Evan Brophey             1  0  1   1  0   2  0  0  0  0  1/1     7:10   0:26   0:08 
John Erskine             0  1  1   4  0   0  1  0  0  1  0/0    20:48   1:45   2:20 
John Lammers             1  0  1   1  0   1  1  1  1  0  0/0    11:29   0:54   0:23 
John-Michael Liles       0  1  1   3  5   3  1  1  4  1  0/0    24:08   6:35   2:20 
Jonathan Paiement        0  0  0  -1  0   0  0  0  0  1  0/0    10:36   1:22   0:00 
Jordan Caron             0  0  0   1  0   1  1  0  0  0  0/0    11:35   5:23   0:00 
Kyle Quincey             0  0  0   2  2   1  1  1  0  0  0/0    14:31   4:34   0:00 
Kyle Turris              1  0  1   2  0   4  1  0  0  0  19/38  22:29   7:06   0:46 
Mark Mancari             1  1  2   2  0   2  0  0  0  0  0/1    16:05   5:20   0:00 
Matt Lashoff             0  1  1   2  0   3  1  0  0  1  0/0    21:37   7:56   1:54 
Mattias Ekholm           0  0  0   1  0   1  0  0  0  0  0/0     4:19   0:00   0:00 
Nick Palmieri            3  1  4   2  2   5  2  1  1  0  1/1    22:42   7:06   0:25 
Patrick Bordeleau        0  0  0   1  2   0  2  0  0  0  0/0     6:43   0:00   0:00 
Steven Kampfer           0  0  0   2  0   1  0  0  0  0  0/0    11:15   5:32   0:00 
Steven Reinprecht        1  2  3   2  0   2  2  1  2  0  10/15  16:11   5:26   0:00 
Tim Ramholt              0  1  1  -1  0   0  0  1  0  1  0/0    12:44   0:00   1:54 
Ville Leino              0  3  3   2  0   6  3  1  0  0  2/4    23:34   7:03   1:30 
Vojtech Polak            1  0  1   2  0   2  0  0  1  0  1/1    14:19   0:50   2:36 

Players Stats for Punishers

Player Name              G  A  P  +/- PIM S  H  SB GA TA FO     MP     PP MP  PK MP  
------------------------------------------------------------------------------------
Adam McQuaid             0  0  0  -2  0   0  0  2  0  1  0/0    22:26   1:25   2:22 
Adam Pineault            0  0  0  -2  0   0  0  2  1  0  0/0     9:38   0:00   0:00 
Brad Isbister            0  0  0  -2  0   4  1  0  0  2  0/1    22:13   2:31   5:05 
Brandon McMillan         0  0  0  -2  2   1  1  2  0  0  3/8     9:28   0:00   0:00 
Casey Cizikas            0  1  1   0  0   0  1  0  0  0  0/1    10:00   0:00   3:33 
Éric Perrin              1  1  2  -1  22  7  4  0  0  0  15/31  16:34   2:31   1:14 
Erik Condra              1  0  1   0  0   2  0  1  0  0  4/12   12:35   0:00   5:56 
Justin Falk              0  0  0  -2  0   0  0  0  1  2  0/0    17:40   1:34   3:53 
Kris Chucko              0  0  0  -3  2   5  1  0  0  0  4/7    11:50   0:00   1:17 
Mark Fraser              0  0  0   0  0   0  0  0  0  0  0/0     3:49   1:15   0:00 
Mike Grier               0  0  0  -2  0   2  1  0  1  0  0/1    13:16   1:43   0:00 
Mike Weber               0  1  1  -2  2   1  0  1  1  0  0/0    17:48   1:34   3:57 
Petteri Nokelainen       0  0  0  -2  0   1  3  1  1  0  5/11   14:36   1:43   1:29 
Radek Smolenak           0  1  1   0  0   0  0  0  0  0  0/1     6:41   0:00   0:14 
Richard Zednik           1  0  1  -2  0   7  2  0  0  2  2/4    24:06   2:31   7:16 
Simon Despres            0  1  1  -2  0   0  0  1  0  0  0/0     9:47   0:00   3:09 
Tanner Glass             0  0  0  -2  0   1  0  0  0  0  0/0    15:01   1:43   1:40 
Tom Gilbert              0  1  1  -4  2   4  4  2  0  1  0/0    29:31   2:40   7:08 
Zach Jones               0  0  0   0  0   0  3  1  0  1  0/0    19:02   0:00   7:15 

3 Stars

1 - Nick Palmieri (Tol)
2 - Steven Reinprecht (Tol)
3 - Ville Leino (Tol)

Power Play

Sewer Rats - 1 on 6 Attempt(s) - 16,67%
Punishers - 1 on 3 Attempt(s) - 33,33%

Penalty Kill

Sewer Rats - 2 on 3 Attempt(s) - 66,67% - Score 0 goal in Penalty Kill
Punishers - 5 on 6 Attempt(s) - 83,33% - Score 0 goal in Penalty Kill

Official

Referees : Lee Chris and LaRue Dennis
Linesman : Brad Kovachik and Brian Murphy

Game Notes

Mark Fraser is injured at 9:45 of 1st period (Right Knee)
Kevin Poulin enters game at 8:20 of 2nd period
Nick Palmieri has scored a Hat Trick!
Anton Khudobin enters game at 17:41 of 2nd period
Éric Perrin beats up John-Michael Liles at 3:25 of 3rd period
Éric Perrin ejected from game at 10:05 of 3rd period

Finance

Level 1 -- Attendance: 1575 (78,75%) -- Ticket Income 55 125 $
Level 2 -- Attendance: 814 (81,40%) -- Ticket Income 12 210 $
Total Attendance: 2389 (79,63%)
Total Ticket Income: 67 335 $
Other Income: 3 367 $
Total Income: 70 702 $

Sewer Rats

5 vs 5 Forward 
   Center                   Left Wing                Right Wing               Time % Phy DF OF 
 1 Kyle Turris              Ville Leino              Nick Palmieri            40     1   2  2  
 2 Steven Reinprecht        Vojtech Polak            Mark Mancari             30     1   2  2  
 3 Brandon Sutter           John Lammers             Derek Dorsett            20     1   2  2  
 4 Evan Brophey             Patrick Bordeleau        Jordan Caron             10     1   2  2  

5 vs 5 Defense 
   Defense                  Defense                                           Time % Phy DF OF 
 1 John-Michael Liles       John Erskine                                      40     1   2  2  
 2 Matt Lashoff             Kyle Quincey                                      30     1   2  2  
 3 Tim Ramholt              Jonathan Paiement                                 20     1   2  2  
 4 Mattias Ekholm           Steven Kampfer                                    10     1   2  2  

PowerPlay Forward 
   Center                   Left Wing                Right Wing               Time % Phy DF OF 
 1 Kyle Turris              Ville Leino              Nick Palmieri            60     1   2  2  
 2 Steven Reinprecht        Jordan Caron             Mark Mancari             40     1   2  2  

PowerPlay Defense
   Defense                  Defense                                           Time % Phy DF OF 
 1 John-Michael Liles       Matt Lashoff                                      60     1   2  2  
 2 Steven Kampfer           Kyle Quincey                                      40     1   2  2  

Penalty Kill 4 Players Forward 
   Center                   Wing                     Time % Phy DF OF 
 1 Brandon Sutter           Vojtech Polak            60     1   2  2  
 2 Nick Palmieri            Ville Leino              40     1   2  2  

Penalty Kill 4 Players Defense
   Defense                  Defense                  Time % Phy DF OF 
 1 John-Michael Liles       John Erskine             60     1   2  2  
 2 Matt Lashoff             Tim Ramholt              40     1   2  2  

Penalty Kill - 3 Players Forward 
   Forward                                           Time % Phy DF OF 
 1 Brandon Sutter                                    60     1   2  2  
 2 Kyle Turris                                       40     1   2  2  

Penalty Kill - 3 Players Defense
   Defense                  Defense                  Time % Phy DF OF 
 1 Tim Ramholt              John Erskine             60     1   2  2  
 2 Matt Lashoff             John-Michael Liles       40     1   2  2  

4 vs 4 Forward 
   Center                   Wing                     Time % Phy DF OF 
 1 Ville Leino              Kyle Turris              60     1   2  2  
 2 Nick Palmieri            Mark Mancari             40     1   2  2  

4 vs 4 Defense
   Defense                  Defense                  Time % Phy DF OF 
 1 John-Michael Liles       John Erskine             60     1   2  2  
 2 Matt Lashoff             Kyle Quincey             40     1   2  2  

Last Minutes Offensive
   Center                   Left Wing                Right Wing               Defense                  Defense                  
   Kyle Turris              Ville Leino              Mark Mancari             John-Michael Liles       Matt Lashoff             

Last Minutes Defensive
   Center                   Left Wing                Right Wing               Defense                  Defense                  
   Kyle Turris              Ville Leino              Nick Palmieri            Matt Lashoff             John Erskine             

Goaltenders
Starting : Jhonas Enroth            
Backup : Semyon Varlamov          

Extra Forwards
Normal : Vojtech Polak, Derek Dorsett, Ville Leino - PP : Vojtech Polak, Derek Dorsett - PK : Ville Leino
Extra Defensemen
Normal : Steven Kampfer, Jonathan Paiement, Matt Lashoff - PP : Steven Kampfer - PK : Jonathan Paiement, Matt Lashoff
Penalty Shots
Ville Leino, Brandon Sutter, Kyle Turris, Jordan Caron, Vojtech Polak

Punishers

5 vs 5 Forward 
   Center                   Left Wing                Right Wing               Time % Phy DF OF 
 1 Éric Perrin              Brad Isbister            Richard Zednik           40     1   2  2  
 2 Petteri Nokelainen       Tanner Glass             Mike Grier               30     1   2  2  
 3 Brandon McMillan         Kris Chucko              Adam Pineault            20     1   2  2  
 4 Casey Cizikas            Radek Smolenak           Erik Condra              10     1   2  2  

5 vs 5 Defense 
   Defense                  Defense                                           Time % Phy DF OF 
 1 Tom Gilbert              Mark Fraser                                       40     1   2  2  
 2 Justin Falk              Mike Weber                                        30     1   2  2  
 3 Adam McQuaid             Zach Jones                                        20     1   2  2  
 4 Simon Despres            Tom Gilbert                                       10     1   2  2  

PowerPlay Forward 
   Center                   Left Wing                Right Wing               Time % Phy DF OF 
 1 Éric Perrin              Brad Isbister            Richard Zednik           60     1   2  2  
 2 Petteri Nokelainen       Tanner Glass             Mike Grier               40     1   2  2  

PowerPlay Defense
   Defense                  Defense                                           Time % Phy DF OF 
 1 Tom Gilbert              Mark Fraser                                       60     1   2  2  
 2 Justin Falk              Mike Weber                                        40     1   2  2  

Penalty Kill 4 Players Forward 
   Center                   Wing                     Time % Phy DF OF 
 1 Éric Perrin              Richard Zednik           60     1   2  2  
 2 Brad Isbister            Tanner Glass             40     1   2  2  

Penalty Kill 4 Players Defense
   Defense                  Defense                  Time % Phy DF OF 
 1 Tom Gilbert              Mark Fraser              60     1   2  2  
 2 Justin Falk              Mike Weber               40     1   2  2  

Penalty Kill - 3 Players Forward 
   Forward                                           Time % Phy DF OF 
 1 Éric Perrin                                       60     1   2  2  
 2 Richard Zednik                                    40     1   2  2  

Penalty Kill - 3 Players Defense
   Defense                  Defense                  Time % Phy DF OF 
 1 Tom Gilbert              Mark Fraser              60     1   2  2  
 2 Justin Falk              Mike Weber               40     1   2  2  

4 vs 4 Forward 
   Center                   Wing                     Time % Phy DF OF 
 1 Éric Perrin              Richard Zednik           60     1   2  2  
 2 Brad Isbister            Tanner Glass             40     1   2  2  

4 vs 4 Defense
   Defense                  Defense                  Time % Phy DF OF 
 1 Tom Gilbert              Mark Fraser              60     1   2  2  
 2 Justin Falk              Mike Weber               40     1   2  2  

Last Minutes Offensive
   Center                   Left Wing                Right Wing               Defense                  Defense                  
   Éric Perrin              Brad Isbister            Richard Zednik           Tom Gilbert              Mark Fraser              

Last Minutes Defensive
   Center                   Left Wing                Right Wing               Defense                  Defense                  
   Éric Perrin              Brad Isbister            Richard Zednik           Tom Gilbert              Mark Fraser              

Goaltenders
Starting : Anton Khudobin           
Backup : Kevin Poulin             

Extra Forwards
Normal : Kris Chucko, Adam Pineault, Erik Condra - PP : Kris Chucko, Adam Pineault - PK : Erik Condra
Extra Defensemen
Normal : Adam McQuaid, Zach Jones, Simon Despres - PP : Adam McQuaid - PK : Zach Jones, Simon Despres
Penalty Shots
Éric Perrin, Richard Zednik, Brad Isbister, Tanner Glass, Kris Chucko

% Time on Ice - Sewer Rats

Lines # - Real PCT - Wanted PCT - Time Play
Normal Forward
1 - 37% - 40% - 15:36
2 - 26% - 30% - 10:45
3 - 22% - 20% - 9:13
4 - 15% - 10% - 6:20
Normal Defense
1 - 39% - 40% - 16:32
2 - 29% - 30% - 12:04
3 - 21% - 20% - 8:59
4 - 10% - 10% - 4:19
PP Forward
1 - 60% - 60% - 8:22
2 - 40% - 40% - 5:30
PP Defense
1 - 65% - 60% - 9:02
2 - 35% - 40% - 4:50
PK Forward
1 - 70% - 60% - 2:57
2 - 30% - 40% - 1:17
PK Defense
1 - 55% - 60% - 2:20
2 - 45% - 40% - 1:54
PK3 Forward
1 - 0% - 60%
2 - 0% - 40%
PK3 Defense
1 - 0% - 60%
2 - 0% - 40%
44 Forward
1 - 0% - 60%
2 - 0% - 40%
44 Defense
1 - 0% - 60%
2 - 0% - 40%
Last Minute Offensive  - 0:00
Last Minute Defensive  - 0:00
Total
Forward - 60:00
Defense - 60:00

% Time on Ice - Punishers

Lines # - Real PCT - Wanted PCT - Time Play
Normal Forward
1 - 35% - 40% - 14:32
2 - 28% - 30% - 11:38
3 - 22% - 20% - 9:17
4 - 15% - 10% - 6:27
Normal Defense
1 - 40% - 40% - 16:47
2 - 29% - 30% - 12:13
3 - 23% - 20% - 9:47
4 - 7% - 10% - 3:07
PP Forward
1 - 59% - 60% - 2:31
2 - 41% - 40% - 1:43
PP Defense
1 - 63% - 60% - 2:40
2 - 37% - 40% - 1:34
PK Forward
1 - 88% - 60% - 12:12
2 - 12% - 40% - 1:40
PK Defense
1 - 72% - 60% - 9:59
2 - 28% - 40% - 3:53
PK3 Forward
1 - 0% - 60%
2 - 0% - 40%
PK3 Defense
1 - 0% - 60%
2 - 0% - 40%
44 Forward
1 - 0% - 60%
2 - 0% - 40%
44 Defense
1 - 0% - 60%
2 - 0% - 40%
Last Minute Offensive  - 0:00
Last Minute Defensive  - 0:00
Total
Forward - 60:00
Defense - 60:00

Play by Play

1st period


0:01 of 1st period - Richard Zednik wins face-off versus Kyle Turris in neutral zone.
0:12 of 1st period - Wrist shot by Brad Isbister.
0:12 of 1st period - Stopped by Jhonas Enroth with a rebound.
0:35 of 1st period - Wrist shot by Petteri Nokelainen.
0:35 of 1st period - Stopped by Jhonas Enroth without a rebound.
0:36 of 1st period - Brandon Sutter wins face-off versus Brandon McMillan in Sewer Rats zone.
0:43 of 1st period - Snap shot by Kris Chucko.
0:43 of 1st period - Shot Hit the Post.
0:45 of 1st period - Slapshot by Mike Weber.
0:45 of 1st period - Stopped by Jhonas Enroth with a rebound.
0:47 of 1st period - Slapshot by Mike Weber.
0:47 of 1st period - Shot Blocked by Kyle Quincey.
0:49 of 1st period - Slapshot by Justin Falk.
0:49 of 1st period - Shot Misses the Net.
1:01 of 1st period - Erik Condra is hit by Patrick Bordeleau and loses puck.
1:23 of 1st period - Icing by Mike Weber.
1:24 of 1st period - Éric Perrin wins face-off versus Kyle Turris in Punishers zone.
1:38 of 1st period - Minor Penalty to Nick Palmieri for Tripping.
1:39 of 1st period - Brandon Sutter wins face-off versus Éric Perrin in Sewer Rats zone.
3:38 of 1st period - Penalty to Nick Palmieri is over, Nick Palmieri is back on ice.
3:54 of 1st period - Wrist shot by Nick Palmieri.
3:54 of 1st period - Stopped by Anton Khudobin with a rebound.
4:00 of 1st period - Wrist shot by Tim Ramholt.
4:00 of 1st period - Shot Blocked by Adam Pineault.
4:58 of 1st period - Mike Weber is hit by Ville Leino and loses puck.
5:18 of 1st period - Off-side.
5:19 of 1st period - Steven Reinprecht wins face-off versus Brandon McMillan in neutral zone.
5:42 of 1st period - Adam McQuaid is hit by Ville Leino and loses puck.
6:27 of 1st period - John-Michael Liles is hit by Tom Gilbert and loses puck.
6:48 of 1st period - Backhand shot by Nick Palmieri.
6:48 of 1st period - Goal by Nick Palmieri - Sewer Rats : 1 - Punishers : 0.
6:49 of 1st period - Steven Reinprecht wins face-off versus Éric Perrin in neutral zone.
7:14 of 1st period - Mark Fraser is hit by Derek Dorsett.
7:30 of 1st period - Wrist shot by Richard Zednik.
7:30 of 1st period - Stopped by Jhonas Enroth with a rebound.
7:40 of 1st period - Wrist shot by Richard Zednik.
7:40 of 1st period - Stopped by Jhonas Enroth with a rebound.
7:46 of 1st period - Slapshot by Brad Isbister.
7:46 of 1st period - Stopped by Jhonas Enroth with a rebound.
7:48 of 1st period - Snap shot by Brad Isbister.
7:48 of 1st period - Shot Misses the Net.
7:50 of 1st period - Slapshot by Richard Zednik.
7:50 of 1st period - Stopped by Jhonas Enroth without a rebound.
7:51 of 1st period - Petteri Nokelainen wins face-off versus Kyle Turris in Sewer Rats zone.
8:16 of 1st period - Tom Gilbert is hit by Steven Reinprecht.
9:04 of 1st period - Brandon Sutter is hit by Casey Cizikas.
9:38 of 1st period - Backhand shot by Kris Chucko.
9:38 of 1st period - Stopped by Jhonas Enroth without a rebound.
9:39 of 1st period - Steven Reinprecht wins face-off versus Brandon McMillan in Sewer Rats zone.
9:44 of 1st period - Mark Fraser is hit by Steven Reinprecht and loses puck.
9:45 of 1st period - Mark Fraser from Punishers is injured at 9:45 of 1st period (Right Knee).
9:46 of 1st period - Petteri Nokelainen wins face-off versus Kyle Turris in Punishers zone.
9:46 of 1st period - Petteri Nokelainen is hit by John-Michael Liles.
10:00 of 1st period - Wrist shot by Mike Grier.
10:00 of 1st period - Stopped by Jhonas Enroth with a rebound.
10:02 of 1st period - Slapshot by Tom Gilbert.
10:02 of 1st period - Stopped by Jhonas Enroth with a rebound.
10:25 of 1st period - Slapshot by John-Michael Liles.
10:25 of 1st period - Stopped by Anton Khudobin with a rebound.
10:31 of 1st period - Ville Leino is hit by Brandon McMillan.
10:51 of 1st period - Wrist shot by Kris Chucko.
10:51 of 1st period - Deflect By Brandon McMillan.
10:51 of 1st period - Stopped by Jhonas Enroth without a rebound.
10:52 of 1st period - Éric Perrin wins face-off versus Mark Mancari in Sewer Rats zone.
11:24 of 1st period - Slapshot by Brandon Sutter.
11:24 of 1st period - Stopped by Anton Khudobin with a rebound.
11:40 of 1st period - Radek Smolenak is hit by Patrick Bordeleau.
11:44 of 1st period - Wrist shot by Evan Brophey.
11:44 of 1st period - Goal by Evan Brophey - Sewer Rats : 2 - Punishers : 0.
11:45 of 1st period - Éric Perrin wins face-off versus Steven Reinprecht in neutral zone.
12:35 of 1st period - Slapshot by Derek Dorsett.
12:35 of 1st period - Deflect By Brandon Sutter.
12:35 of 1st period - Shot Misses the Net.
12:35 of 1st period - Puck is out of play.
12:36 of 1st period - Brandon Sutter wins face-off versus Brandon McMillan in Punishers zone.
13:03 of 1st period - Wrist shot by Nick Palmieri.
13:03 of 1st period - Goal by Nick Palmieri - Sewer Rats : 3 - Punishers : 0.
13:04 of 1st period - Steven Reinprecht wins face-off versus Éric Perrin in neutral zone.
13:19 of 1st period - Slapshot by Steven Reinprecht.
13:19 of 1st period - Shot Misses the Net.
14:41 of 1st period - Wrist shot by Éric Perrin.
14:41 of 1st period - Shot Blocked by Steven Reinprecht.
14:43 of 1st period - Slapshot by Mike Weber.
14:43 of 1st period - Deflect By Brad Isbister.
14:43 of 1st period - Stopped by Jhonas Enroth without a rebound.
14:44 of 1st period - Petteri Nokelainen wins face-off versus Kyle Turris in Sewer Rats zone.
14:51 of 1st period - Wrist shot by Tanner Glass.
14:51 of 1st period - Stopped by Jhonas Enroth without a rebound.
14:52 of 1st period - Kyle Turris wins face-off versus Petteri Nokelainen in Sewer Rats zone.
14:52 of 1st period - Kyle Turris is hit by Petteri Nokelainen.
14:58 of 1st period - Slapshot by Kyle Turris.
14:58 of 1st period - Shot Blocked by Petteri Nokelainen.
15:21 of 1st period - Snap shot by Vojtech Polak.
15:21 of 1st period - Shot Blocked by Tom Gilbert.
15:23 of 1st period - Slapshot by John-Michael Liles.
15:23 of 1st period - Deflect By Mark Mancari.
15:23 of 1st period - Stopped by Anton Khudobin without a rebound.
15:24 of 1st period - Éric Perrin wins face-off versus Steven Reinprecht in Punishers zone.
15:46 of 1st period - Icing by Kyle Quincey.
15:47 of 1st period - Vojtech Polak wins face-off versus Petteri Nokelainen in Sewer Rats zone.
16:00 of 1st period - Snap shot by Ville Leino.
16:00 of 1st period - Shot Misses the Net.
16:02 of 1st period - Backhand shot by Ville Leino.
16:02 of 1st period - Stopped by Anton Khudobin with a rebound.
16:14 of 1st period - Derek Dorsett is hit by Éric Perrin and loses puck.
17:17 of 1st period - Snap shot by John Erskine.
17:17 of 1st period - Shot Misses the Net.
17:40 of 1st period - Brandon Sutter is hit by Éric Perrin and loses puck.
17:47 of 1st period - Slapshot by John Lammers.
17:47 of 1st period - Shot Blocked by Brandon McMillan.
17:49 of 1st period - Wrist shot by John Lammers.
17:49 of 1st period - Shot Blocked by Adam Pineault.
18:40 of 1st period - Backhand shot by Jordan Caron.
18:40 of 1st period - Stopped by Anton Khudobin without a rebound.
18:41 of 1st period - Éric Perrin wins face-off versus Steven Reinprecht in Punishers zone.
19:06 of 1st period - Mike Grier is hit by Kyle Turris and loses puck.
19:15 of 1st period - John-Michael Liles is hit by Zach Jones and loses puck.
19:36 of 1st period - Icing by Brandon Sutter.
19:37 of 1st period - Éric Perrin wins face-off versus Brandon Sutter in Sewer Rats zone.
19:38 of 1st period - Snap shot by Richard Zednik.
19:38 of 1st period - Shot Misses the Net.
19:46 of 1st period - Snap shot by John Lammers.
19:46 of 1st period - Deflect By Derek Dorsett.
19:46 of 1st period - Shot Misses the Net.
19:46 of 1st period - Puck is out of play.
19:47 of 1st period - Kyle Turris wins face-off versus Éric Perrin in Punishers zone.
19:52 of 1st period - Snap shot by Kyle Turris.
19:52 of 1st period - Stopped by Anton Khudobin with a rebound.
19:54 of 1st period - Slapshot by John-Michael Liles.
19:54 of 1st period - Stopped by Anton Khudobin without a rebound.
19:55 of 1st period - Kyle Turris wins face-off versus Éric Perrin in Punishers zone.
19:58 of 1st period - Slapshot by Ville Leino.
19:58 of 1st period - Shot Misses the Net.
Goals for this period are 3 for Sewer Rats vs 0 for Punishers.
Shots for this period are 11 for Sewer Rats vs 13 for Punishers.

2nd period


0:01 of 2nd period - Éric Perrin wins face-off versus Kyle Turris in neutral zone.
0:12 of 2nd period - Snap shot by Éric Perrin.
0:12 of 2nd period - Stopped by Jhonas Enroth with a rebound.
0:14 of 2nd period - Slapshot by Éric Perrin.
0:14 of 2nd period - Stopped by Jhonas Enroth with a rebound.
0:16 of 2nd period - Slapshot by Éric Perrin.
0:16 of 2nd period - Shot Blocked by Ville Leino.
0:26 of 2nd period - Vojtech Polak is hit by Petteri Nokelainen and loses puck.
0:36 of 2nd period - Icing by Mike Grier.
0:37 of 2nd period - Petteri Nokelainen wins face-off versus Brandon Sutter in Punishers zone.
0:37 of 2nd period - Petteri Nokelainen is hit by John Lammers.
0:57 of 2nd period - Snap shot by Tanner Glass.
0:57 of 2nd period - Shot Blocked by Nick Palmieri.
1:59 of 2nd period - Slapshot by Mike Grier.
1:59 of 2nd period - Stopped by Jhonas Enroth without a rebound.
2:00 of 2nd period - Éric Perrin wins face-off versus Kyle Turris in Sewer Rats zone.
2:01 of 2nd period - Snap shot by Richard Zednik.
2:01 of 2nd period - Stopped by Jhonas Enroth with a rebound.
2:03 of 2nd period - Wrist shot by Éric Perrin.
2:03 of 2nd period - Stopped by Jhonas Enroth with a rebound.
2:05 of 2nd period - Snap shot by Justin Falk.
2:05 of 2nd period - Shot Blocked by John-Michael Liles.
2:07 of 2nd period - Slapshot by Justin Falk.
2:07 of 2nd period - Shot Misses the Net.
2:17 of 2nd period - Nick Palmieri is hit by Éric Perrin and loses puck.
3:20 of 2nd period - Minor Penalty to Patrick Bordeleau for Roughing.
3:21 of 2nd period - Brandon Sutter wins face-off versus Richard Zednik in Sewer Rats zone.
3:26 of 2nd period - Icing by Richard Zednik.
3:27 of 2nd period - Brandon Sutter wins face-off versus Éric Perrin in Punishers zone.
3:30 of 2nd period - Slapshot by Vojtech Polak.
3:30 of 2nd period - Shot Misses the Net.
3:40 of 2nd period - John-Michael Liles is hit by Richard Zednik.
3:57 of 2nd period - Off-side.
3:58 of 2nd period - Brandon Sutter wins face-off versus Petteri Nokelainen in neutral zone.
4:26 of 2nd period - Off-side.
4:27 of 2nd period - Brandon Sutter wins face-off versus Petteri Nokelainen in neutral zone.
5:20 of 2nd period - Penalty to Patrick Bordeleau is over, Patrick Bordeleau is back on ice.
5:32 of 2nd period - Snap shot by Kris Chucko.
5:32 of 2nd period - Shot Blocked by John Lammers.
5:34 of 2nd period - Slapshot by Mike Weber.
5:34 of 2nd period - Shot Blocked by Tim Ramholt.
5:36 of 2nd period - Snap shot by Adam Pineault.
5:36 of 2nd period - Shot Misses the Net.
5:43 of 2nd period - Icing by Ville Leino.
5:44 of 2nd period - Ville Leino wins face-off versus Radek Smolenak in Sewer Rats zone.
5:55 of 2nd period - Tim Ramholt is hit by Zach Jones and loses puck.
6:18 of 2nd period - Slapshot by Matt Lashoff.
6:18 of 2nd period - Shot Misses the Net.
6:20 of 2nd period - Wrist shot by Matt Lashoff.
6:20 of 2nd period - Stopped by Anton Khudobin with a rebound.
6:50 of 2nd period - Adam Pineault is hit by John Erskine and loses puck.
7:03 of 2nd period - Snap shot by Vojtech Polak.
7:03 of 2nd period - Shot Blocked by Adam McQuaid.
7:05 of 2nd period - Slapshot by Mattias Ekholm.
7:05 of 2nd period - Stopped by Anton Khudobin with a rebound.
7:07 of 2nd period - Wrist shot by Vojtech Polak.
7:07 of 2nd period - Shot Blocked by Adam McQuaid.
7:39 of 2nd period - Backhand shot by Ville Leino.
7:39 of 2nd period - Shot Hit the Post.
7:52 of 2nd period - Off-side.
7:53 of 2nd period - Brandon Sutter wins face-off versus Petteri Nokelainen in neutral zone.
7:56 of 2nd period - Slapshot by Matt Lashoff.
7:56 of 2nd period - Shot Hit the Post.
7:58 of 2nd period - Slapshot by Brandon Sutter.
7:58 of 2nd period - Stopped by Anton Khudobin with a rebound.
8:00 of 2nd period - Wrist shot by Derek Dorsett.
8:00 of 2nd period - Stopped by Anton Khudobin with a rebound.
8:02 of 2nd period - Slapshot by Matt Lashoff.
8:02 of 2nd period - Stopped by Anton Khudobin without a rebound.
8:03 of 2nd period - Kyle Turris wins face-off versus Éric Perrin in Punishers zone.
8:16 of 2nd period - Snap shot by Ville Leino.
8:16 of 2nd period - Stopped by Anton Khudobin without a rebound.
8:17 of 2nd period - Steven Reinprecht wins face-off versus Éric Perrin in Punishers zone.
8:18 of 2nd period - Wrist shot by Vojtech Polak.
8:18 of 2nd period - Shot Misses the Net.
8:20 of 2nd period - Slapshot by Vojtech Polak.
8:20 of 2nd period - Goal by Vojtech Polak - Sewer Rats : 4 - Punishers : 0.
8:20 of 2nd period - Kevin Poulin enters game.
8:21 of 2nd period - Kyle Turris wins face-off versus Éric Perrin in neutral zone.
8:27 of 2nd period - Minor Penalty to Éric Perrin for Roughing.
8:28 of 2nd period - Erik Condra wins face-off versus Kyle Turris in Punishers zone.
8:41 of 2nd period - Snap shot by Kyle Turris.
8:41 of 2nd period - Shot Blocked by Erik Condra.
8:43 of 2nd period - Slapshot by Matt Lashoff.
8:43 of 2nd period - Stopped by Kevin Poulin without a rebound.
8:44 of 2nd period - Kyle Turris wins face-off versus Erik Condra in Punishers zone.
8:53 of 2nd period - Wrist shot by Ville Leino.
8:53 of 2nd period - Stopped by Kevin Poulin with a rebound.
8:55 of 2nd period - Slapshot by John-Michael Liles.
8:55 of 2nd period - Shot Misses the Net.
8:57 of 2nd period - Backhand shot by John-Michael Liles.
8:57 of 2nd period - Stopped by Kevin Poulin with a rebound.
9:51 of 2nd period - Icing by Kyle Turris.
9:52 of 2nd period - Kyle Turris wins face-off versus Casey Cizikas in Sewer Rats zone.
9:52 of 2nd period - Kyle Turris is hit by Zach Jones.
10:08 of 2nd period - Wrist shot by Steven Reinprecht.
10:08 of 2nd period - Goal by Steven Reinprecht - Sewer Rats : 5 - Punishers : 0.
10:09 of 2nd period - Éric Perrin wins face-off versus Kyle Turris in neutral zone.
10:14 of 2nd period - Ville Leino is hit by Tom Gilbert and loses puck.
10:37 of 2nd period - Icing by Tanner Glass.
10:38 of 2nd period - Steven Reinprecht wins face-off versus Mike Grier in Punishers zone.
10:53 of 2nd period - Slapshot by Mark Mancari.
10:53 of 2nd period - Goal by Mark Mancari - Sewer Rats : 6 - Punishers : 0.
10:54 of 2nd period - Kyle Turris wins face-off versus Éric Perrin in neutral zone.
11:09 of 2nd period - Wrist shot by Nick Palmieri.
11:09 of 2nd period - Goal by Nick Palmieri - Sewer Rats : 7 - Punishers : 0.
11:10 of 2nd period - Éric Perrin wins face-off versus Ville Leino in neutral zone.
11:40 of 2nd period - Slapshot by Mark Mancari.
11:40 of 2nd period - Shot Misses the Net.
11:42 of 2nd period - Minor Penalty to Tom Gilbert for Hooking.
11:43 of 2nd period - Kyle Turris wins face-off versus Éric Perrin in Punishers zone.
11:46 of 2nd period - Snap shot by Ville Leino.
11:46 of 2nd period - Stopped by Kevin Poulin with a rebound.
11:50 of 2nd period - Wrist shot by Ville Leino.
11:50 of 2nd period - Stopped by Kevin Poulin with a rebound.
11:52 of 2nd period - Wrist shot by Nick Palmieri.
11:52 of 2nd period - Shot Blocked by Zach Jones.
11:54 of 2nd period - Wrist shot by Kyle Turris.
11:54 of 2nd period - Shot Misses the Net.
13:01 of 2nd period - Icing by John-Michael Liles.
13:02 of 2nd period - Kyle Turris wins face-off versus Erik Condra in Sewer Rats zone.
13:27 of 2nd period - Zach Jones is hit by Kyle Quincey and loses puck.
13:42 of 2nd period - Penalty to Tom Gilbert is over, Tom Gilbert is back on ice.
13:54 of 2nd period - Slapshot by Brandon Sutter.
13:54 of 2nd period - Deflect By Adam Pineault.
13:54 of 2nd period - Shot Blocked by Brandon McMillan.
13:54 of 2nd period - Puck is out of play.
13:55 of 2nd period - Brandon McMillan wins face-off versus Brandon Sutter in Punishers zone.
14:04 of 2nd period - Snap shot by Brandon Sutter.
14:04 of 2nd period - Stopped by Kevin Poulin without a rebound.
14:05 of 2nd period - Nick Palmieri wins face-off versus Éric Perrin in Punishers zone.
14:38 of 2nd period - Snap shot by Steven Reinprecht.
14:38 of 2nd period - Shot Misses the Net.
15:17 of 2nd period - Off-side.
15:18 of 2nd period - Evan Brophey wins face-off versus Richard Zednik in neutral zone.
15:43 of 2nd period - Tanner Glass is hit by Matt Lashoff and loses puck.
16:46 of 2nd period - Wrist shot by Tom Gilbert.
16:46 of 2nd period - Deflect By Éric Perrin.
16:46 of 2nd period - Stopped by Jhonas Enroth with a rebound.
16:48 of 2nd period - Wrist shot by Éric Perrin.
16:48 of 2nd period - Stopped by Jhonas Enroth with a rebound.
16:52 of 2nd period - Snap shot by Éric Perrin.
16:52 of 2nd period - Goal by Éric Perrin - Sewer Rats : 7 - Punishers : 1.
16:53 of 2nd period - Éric Perrin wins face-off versus Kyle Turris in neutral zone.
16:58 of 2nd period - Kyle Turris is hit by Éric Perrin and loses puck.
17:07 of 2nd period - Wrist shot by Éric Perrin.
17:07 of 2nd period - Stopped by Jhonas Enroth without a rebound.
17:08 of 2nd period - Steven Reinprecht wins face-off versus Petteri Nokelainen in Sewer Rats zone.
17:08 of 2nd period - Steven Reinprecht is hit by Tom Gilbert.
17:35 of 2nd period - Slapshot by Derek Dorsett.
17:35 of 2nd period - Shot Misses the Net.
17:39 of 2nd period - Snap shot by Brandon Sutter.
17:39 of 2nd period - Stopped by Kevin Poulin with a rebound.
17:41 of 2nd period - Wrist shot by John Lammers.
17:41 of 2nd period - Goal by John Lammers - Sewer Rats : 8 - Punishers : 1.
17:41 of 2nd period - Anton Khudobin enters game.
17:42 of 2nd period - Éric Perrin wins face-off versus Ville Leino in neutral zone.
17:46 of 2nd period - Off-side.
17:47 of 2nd period - Éric Perrin wins face-off versus Kyle Turris in neutral zone.
Goals for this period are 5 for Sewer Rats vs 1 for Punishers.
Shots for this period are 18 for Sewer Rats vs 9 for Punishers.

3rd period


0:01 of 3rd period - Kyle Turris wins face-off versus Éric Perrin in neutral zone.
1:08 of 3rd period - Slapshot by Tom Gilbert.
1:08 of 3rd period - Stopped by Jhonas Enroth with a rebound.
1:48 of 3rd period - Minor Penalty to Kyle Quincey for Tripping.
1:49 of 3rd period - Brandon Sutter wins face-off versus Éric Perrin in Sewer Rats zone.
2:04 of 3rd period - Snap shot by Richard Zednik.
2:04 of 3rd period - Goal by Richard Zednik - Sewer Rats : 8 - Punishers : 2.
2:05 of 3rd period - Ville Leino wins face-off versus Éric Perrin in neutral zone.
2:17 of 3rd period - Wrist shot by Kyle Turris.
2:17 of 3rd period - Deflect By Brad Isbister.
2:17 of 3rd period - Stopped by Anton Khudobin without a rebound.
2:18 of 3rd period - Éric Perrin wins face-off versus Kyle Turris in Punishers zone.
2:27 of 3rd period - Matt Lashoff is hit by Brad Isbister and loses puck.
2:44 of 3rd period - Vojtech Polak is hit by Petteri Nokelainen and loses puck.
3:02 of 3rd period - Off-side.
3:03 of 3rd period - Brandon McMillan wins face-off versus Brandon Sutter in neutral zone.
3:14 of 3rd period - Wrist shot by Kris Chucko.
3:14 of 3rd period - Stopped by Jhonas Enroth with a rebound.
3:16 of 3rd period - Slapshot by Mike Weber.
3:16 of 3rd period - Deflect By Kris Chucko.
3:16 of 3rd period - Stopped by Jhonas Enroth without a rebound.
3:17 of 3rd period - Éric Perrin wins face-off versus Kyle Turris in Sewer Rats zone.
3:25 of 3rd period - Éric Perrin beats up John-Michael Liles.
3:25 of 3rd period - Penalty to Éric Perrin for Fighting.
3:25 of 3rd period - Penalty to John-Michael Liles for Fighting.
3:26 of 3rd period - Kyle Turris wins face-off versus Kris Chucko in Punishers zone.
3:26 of 3rd period - Kyle Turris is hit by Tom Gilbert.
3:30 of 3rd period - Slapshot by Ville Leino.
3:30 of 3rd period - Shot Blocked by Tom Gilbert.
3:32 of 3rd period - Wrist shot by Nick Palmieri.
3:32 of 3rd period - Stopped by Anton Khudobin with a rebound.
3:34 of 3rd period - Snap shot by Kyle Turris.
3:34 of 3rd period - Shot Misses the Net.
3:36 of 3rd period - Wrist shot by Kyle Turris.
3:36 of 3rd period - Goal by Kyle Turris - Sewer Rats : 9 - Punishers : 2.
3:37 of 3rd period - Kris Chucko wins face-off versus Kyle Turris in neutral zone.
3:40 of 3rd period - Slapshot by Tom Gilbert.
3:40 of 3rd period - Stopped by Jhonas Enroth with a rebound.
3:42 of 3rd period - Wrist shot by Brad Isbister.
3:42 of 3rd period - Stopped by Jhonas Enroth without a rebound.
3:43 of 3rd period - Kris Chucko wins face-off versus Kyle Turris in Sewer Rats zone.
3:50 of 3rd period - Snap shot by Kris Chucko.
3:50 of 3rd period - Stopped by Jhonas Enroth with a rebound.
4:32 of 3rd period - Snap shot by Brandon Sutter.
4:32 of 3rd period - Stopped by Anton Khudobin without a rebound.
4:33 of 3rd period - Brandon Sutter wins face-off versus Brandon McMillan in Punishers zone.
4:52 of 3rd period - Wrist shot by Brandon Sutter.
4:52 of 3rd period - Stopped by Anton Khudobin with a rebound.
4:54 of 3rd period - Wrist shot by Matt Lashoff.
4:54 of 3rd period - Deflect By Brandon Sutter.
4:54 of 3rd period - Shot Blocked by Mike Weber.
4:54 of 3rd period - Puck is out of play.
4:55 of 3rd period - Kris Chucko wins face-off versus Kyle Turris in Punishers zone.
5:01 of 3rd period - Icing by Jonathan Paiement.
5:02 of 3rd period - Kyle Turris wins face-off versus Kris Chucko in Sewer Rats zone.
5:49 of 3rd period - Adam McQuaid is hit by Nick Palmieri and loses puck.
6:14 of 3rd period - Wrist shot by Radek Smolenak.
6:14 of 3rd period - Shot Misses the Net.
6:16 of 3rd period - Wrist shot by Casey Cizikas.
6:16 of 3rd period - Deflect By Erik Condra.
6:16 of 3rd period - Goal by Erik Condra - Sewer Rats : 9 - Punishers : 3.
6:17 of 3rd period - Kris Chucko wins face-off versus Steven Reinprecht in neutral zone.
6:24 of 3rd period - Wrist shot by Richard Zednik.
6:24 of 3rd period - Stopped by Jhonas Enroth without a rebound.
6:25 of 3rd period - Steven Reinprecht wins face-off versus Kris Chucko in Sewer Rats zone.
6:25 of 3rd period - Steven Reinprecht is hit by Richard Zednik.
6:30 of 3rd period - Minor Penalty to Kris Chucko for Roughing.
6:31 of 3rd period - Kyle Turris wins face-off versus Erik Condra in Punishers zone.
6:39 of 3rd period - Wrist shot by Ville Leino.
6:39 of 3rd period - Shot Misses the Net.
6:41 of 3rd period - Snap shot by Ville Leino.
6:41 of 3rd period - Stopped by Anton Khudobin without a rebound.
6:42 of 3rd period - Kyle Turris wins face-off versus Erik Condra in Punishers zone.
7:01 of 3rd period - Tom Gilbert is hit by Nick Palmieri and loses puck.
8:25 of 3rd period - Penalty to Éric Perrin is over, Éric Perrin is back on ice.
8:30 of 3rd period - Penalty to Kris Chucko is over, Kris Chucko is back on ice.
8:36 of 3rd period - Off-side.
8:37 of 3rd period - Brandon McMillan wins face-off versus Brandon Sutter in neutral zone.
8:40 of 3rd period - Snap shot by Kris Chucko.
8:40 of 3rd period - Stopped by Jhonas Enroth with a rebound.
9:19 of 3rd period - Steven Kampfer is hit by Mike Grier and loses puck.
9:28 of 3rd period - Slapshot by Evan Brophey.
9:28 of 3rd period - Stopped by Anton Khudobin with a rebound.
9:52 of 3rd period - Snap shot by Erik Condra.
9:52 of 3rd period - Stopped by Jhonas Enroth without a rebound.
9:53 of 3rd period - Kyle Turris wins face-off versus Éric Perrin in Sewer Rats zone.
10:05 of 3rd period - Major / Game Misconduct Penalty to Éric Perrin for Attempt to injure.
10:05 of 3rd period - Éric Perrin is ejected from game.
10:06 of 3rd period - Erik Condra wins face-off versus Kyle Turris in Punishers zone.
10:06 of 3rd period - Erik Condra is hit by Ville Leino.
10:17 of 3rd period - Snap shot by Ville Leino.
10:17 of 3rd period - Shot Misses the Net.
10:19 of 3rd period - Snap shot by Kyle Turris.
10:19 of 3rd period - Stopped by Anton Khudobin without a rebound.
10:20 of 3rd period - Erik Condra wins face-off versus Kyle Turris in Punishers zone.
11:09 of 3rd period - Tanner Glass is hit by Jordan Caron and loses puck.
12:31 of 3rd period - Kyle Turris is hit by Kris Chucko and loses puck.
12:50 of 3rd period - Slapshot by Vojtech Polak.
12:50 of 3rd period - Stopped by Anton Khudobin with a rebound.
12:52 of 3rd period - Wrist shot by Derek Dorsett.
12:52 of 3rd period - Stopped by Anton Khudobin with a rebound.
12:54 of 3rd period - Slapshot by Steven Kampfer.
12:54 of 3rd period - Stopped by Anton Khudobin with a rebound.
12:56 of 3rd period - Snap shot by Kyle Quincey.
12:56 of 3rd period - Deflect By Zach Jones.
12:56 of 3rd period - Stopped by Anton Khudobin with a rebound.
12:58 of 3rd period - Slapshot by Kyle Quincey.
12:58 of 3rd period - Shot Misses the Net.
15:05 of 3rd period - Penalty to Éric Perrin is over, Erik Condra is send on ice.
16:11 of 3rd period - Minor Penalty to Brandon McMillan for Hooking.
16:12 of 3rd period - Erik Condra wins face-off versus Kyle Turris in Punishers zone.
16:34 of 3rd period - Icing by Nick Palmieri.
16:35 of 3rd period - Steven Reinprecht wins face-off versus Brad Isbister in Sewer Rats zone.
18:11 of 3rd period - Penalty to Brandon McMillan is over, Brandon McMillan is back on ice.
18:20 of 3rd period - Snap shot by Brandon Sutter.
18:20 of 3rd period - Shot Blocked by Simon Despres.
18:22 of 3rd period - Snap shot by Derek Dorsett.
18:22 of 3rd period - Stopped by Anton Khudobin without a rebound.
18:23 of 3rd period - Petteri Nokelainen wins face-off versus Brandon Sutter in Punishers zone.
18:44 of 3rd period - Minor Penalty to Mike Weber for Hooking.
18:45 of 3rd period - Kyle Turris wins face-off versus Erik Condra in Punishers zone.
19:01 of 3rd period - Icing by Kyle Turris.
19:02 of 3rd period - Kyle Turris wins face-off versus Erik Condra in Sewer Rats zone.
19:11 of 3rd period - Icing by Kyle Turris.
19:12 of 3rd period - Kyle Turris wins face-off versus Erik Condra in Sewer Rats zone.
19:29 of 3rd period - Slapshot by Tom Gilbert.
19:29 of 3rd period - Shot Misses the Net.
19:31 of 3rd period - Snap shot by Tom Gilbert.
19:31 of 3rd period - Deflect By John-Michael Liles.
19:31 of 3rd period - Stopped by Jhonas Enroth without a rebound.
19:32 of 3rd period - Richard Zednik wins face-off versus Steven Reinprecht in Sewer Rats zone.
19:35 of 3rd period - Snap shot by Erik Condra.
19:35 of 3rd period - Deflect By Richard Zednik.
19:35 of 3rd period - Stopped by Jhonas Enroth without a rebound.
19:36 of 3rd period - Steven Reinprecht wins face-off versus Erik Condra in Sewer Rats zone.
19:47 of 3rd period - Snap shot by Steven Reinprecht.
19:47 of 3rd period - Stopped by Anton Khudobin with a rebound.
Goals for this period are 1 for Sewer Rats vs 2 for Punishers.
Shots for this period are 14 for Sewer Rats vs 13 for Punishers.


Output by the SimonT Hockey Simulator (STHS) for François Prévost -- Original Page W3C XHTML 1.0 Valid
Hockey Simulator - Hockey Simulation - Hockey Manager